 Dungeon Crawl Stone Soup version 0.14-a0-30-gf0b6e91 (webtiles) character file.

5111 PolkaDot the Tainter (level 10, -3/62 (63) HPs)
             Began as a Vampire Venom Mage on Sept 27, 2013.
             Was a Priest of Vehumet.
             Slain by a giant amoeba (12 damage)
             ... on Level 7 of the Dungeon.
             The game lasted 01:21:42 (11677 turns).

PolkaDot the Tainter (Vampire Venom Mage)          Turns: 11677, Time: 01:21:43

HP  -3/62 (63)   AC  8     Str  7      XL: 10   Next: 12%
MP   0/21        EV 12     Int 20      God: Vehumet [***...]
Gold 748         SH  0     Dex 14      Spells:  6 memorised,  2 levels left

Res.Fire  : + . .   See Invis. : +   a - +2,+1 spear "Hulk" {pierce, rElec rPois}
Res.Cold  : . . .   Warding    : .   n - +2 robe {rF+}
Life Prot.: . . .   Conserve   : .   (no shield)
Res.Poison: +       Res.Corr.  : .   (no helmet)
Res.Elec. : +       Clarity    : .   (no cloak)
Sust.Abil.: . .     Spirit.Shd : +   p - +1 pair of gauntlets
Res.Mut.  : .       Stasis     : .   c - +1 pair of elf boots
Res.Rott. : .       Flight     : .   x - amulet of guardian spirit
Saprovore : . . .                    (no ring)
                                     f - ring of sustenance

@: regenerating very quickly, very poisoned, somewhat resistant to hostile
enchantments, stealthy
A: bottle blood, fangs 3, see invisible, poison resistance, unbreathing
a: Bottle Blood, Renounce Religion


You were on level 7 of the Dungeon.
You worshipped Vehumet.
Vehumet was most pleased with you.
You were almost alive.

You visited 2 branches of the dungeon, and saw 10 of its levels.

You collected 728 gold pieces.

Inventory:

Hand weapons
 a - the +2,+1 spear "Hulk" (weapon) {pierce, rElec rPois}
   (You found it on level 8 of the Dungeon)

   It inflicts extra damage upon your enemies.
   It insulates you from electricity.
   It protects you from poison.
Armour
 c - a +1 pair of elven boots (worn)
 n - a +2 robe of fire resistance (worn)
 o - a +0 elven buckler
 p - a +1 pair of gauntlets (worn)
Magical devices
 d - a wand of paralysis (9)
 l - a wand of random effects (9)
 v - a wand of flame (0)
 y - a wand of draining (6)
Scrolls
 e - 2 scrolls of enchant armour
 g - a scroll of enchant weapon I
 i - a scroll of fog
 k - 4 scrolls of remove curse
 m - 3 scrolls of amnesia
 r - 5 scrolls of identify
Jewellery
 f - a ring of sustenance (left hand)
 x - an amulet of guardian spirit (around neck)
 A - an uncursed amulet of resist mutation
Potions
 q - a potion of restore abilities
 u - 8 potions of blood
Books
 b - a Young Poisoner's Handbook

   Spells                             Type                      Level
   *Sting                             Conjuration/Poison           1
   *Cure Poison                       Poison                       2
   *Mephitic Cloud                    Conjuration/Poison/Air       3
   *Olgreb's Toxic Radiance           Poison                       4
   Venom Bolt                         Conjuration/Poison           5
 j - a book of the Sky

   Spells                             Type                      Level
   Flight                             Charms/Air                   3
   Airstrike                          Air                          4
   Silence                            Hexes/Air                    5
   Deflect Missiles                   Charms/Air                   6
   Conjure Ball Lightning             Conjuration/Air              6
   Tornado                            Air                          9


   Skills:
 - Level 2.1 Dodging
 - Level 3.0 Stealth
 * Level 4.2 Spellcasting
 - Level 3.4 Ice Magic
 + Level 7.2 Air Magic
 * Level 11.0 Poison Magic


You had 2 spell levels left.
You knew the following spells:

 Your Spells              Type           Power        Failure   Level  Hunger
a - Sting                 Conj/Pois      ####         1%          1    None
c - Dazzling Spray        Conj/Hex       #.......     12%         3    ###....
d - Throw Frost           Conj/Ice       ##....       3%          2    #......
q - Cure Poison           Pois           #####.....   1%          2    #......
x - Mephitic Cloud        Conj/Pois/Air  ####....     1%          3    ###....
z - Olgreb's Toxic Radia  Pois           #####...     1%          4    ####...


Dungeon Overview and Level Annotations

Branches:
Dungeon (9/27)             Temple (1/1) D:4             Orc (0/4) D:9
   Lair (0/8) D:8

Altars:
Ashenzari
Cheibriados
Elyvilon
Fedhas
Kikubaaqudgha
Makhleb
Nemelex Xobeh
Okawaru
Sif Muna
Trog
Vehumet
Xom
Yredelemnul
Zin
the Shining One


Innate Abilities, Weirdness & Mutations

Your natural rate of healing is extremely fast.
You can bottle blood from corpses.
You have razor-sharp teeth.*
You have supernaturally acute eyesight.
You can survive without breathing.*
Your system is resistant to poisons.*+


Message History

The giant amoeba is moderately wounded.
You feel sick.
You are more poisoned.
The giant amoeba hits you!
* * * LOW HITPOINT WARNING * * *
You hit the giant amoeba.
The giant amoeba is heavily wounded.
* * * LOW HITPOINT WARNING * * *
You feel sick.
You feel a little better.
You are more poisoned.
The giant amoeba closely misses you.
You hit the giant amoeba.
The giant amoeba is heavily wounded.
* * * LOW HITPOINT WARNING * * *
You feel sick.
You are more poisoned.
Your toxic aura wanes.
The giant amoeba hits you!
You die...

#.# #.# #...........##.#... #.#
#.# #...........##.#.#. ).# #.#
#....._.....##.#.#. ### #.#
#...........##.#.#.
###########.###%..........##.#...
...............###.....#####.#<#.
....#...###.#### #.....# #.#.#.
....#...# #.# ###.....# #.#.#.
....#...# #.# #@####### #.#.#.
....#...###.# #J# #.#.#.
..>.'...'...# #.# #.#.#.
....#...##### #.# #.#.#.
....#...# #.# #.#.#. ##'##...#
#.# #.#.#. #.##...# #.# #.#.#.
#.##...# #.###########.#.#.
#.##...# #...........<.#.#.


You could see a giant amoeba.

Vanquished Creatures
  Psyche (D:9)
  Grinder (D:4)
  Eustachio (D:7)
  Edmund (D:6)
  A necrophage (D:5)
  3 orc warriors
  6 boring beetles (D:8)
  4 ogres
  Sigmund (D:6)
  2 centaurs
  4 giant frogs
  Blork the orc (D:7)
  An ice beast (D:9)
  5 killer bees (D:9)
  4 wights (D:8)
  2 jellies (D:8)
  5 crimson imps
  4 hounds
  3 goliath beetles
  A giant frog skeleton (D:7)
  5 orc priests
  2 scorpions
  4 orc wizards
  A gnoll shaman (D:8)
  5 worker ants
  An ogre zombie (D:9)
  Ijyb (D:6)
  11 adders
  2 big fish zombies (D:5)
  13 gnolls
  A green rat (D:7)
  A giant mite (D:2)
  4 worms
  A scorpion zombie (D:6)
  An adder skeleton (D:7)
  4 grey rats (D:7)
  7 giant geckos
  7 oozes
  29 orcs
  16 bats
  9 giant cockroaches
  8 goblins
  15 hobgoblins
  2 jackals (D:4)
  18 kobolds
  4 quokkas
  A ball python (D:3)
  5 giant newts
  A giant newt skeleton (D:5)
  A giant spore (D:7)
  A hobgoblin skeleton (D:8)
  A kobold zombie (D:8)
  A quokka skeleton (D:3)
  11 rats
245 creatures vanquished.

Vanquished Creatures (collateral kills)
  An orc (D:9)
  A goblin (D:6)
2 creatures vanquished.

Vanquished Creatures (others)
  An orc wizard (D:9)
  2 giant spores (D:7)
  2 fungi (D:8)
5 creatures vanquished.

Grand Total: 252 creatures vanquished

Notes
Turn   | Place    | Note
--------------------------------------------------------------
     0 | D:1      | PolkaDot, the Vampire Venom Mage, began the quest for the Orb.
     0 | D:1      | Reached XP level 1. HP: 13/13 MP: 4/4
   166 | D:1      | Reached skill level 4 in Poison Magic
   171 | D:1      | Reached XP level 2. HP: 19/19 MP: 0/5
  1127 | D:2      | Reached XP level 3. HP: 18/24 MP: 4/6
  1513 | D:2      | Reached XP level 4. HP: 30/30 MP: 9/9
  2159 | D:3      | Reached XP level 5. HP: 19/35 MP: 0/11
  2318 | D:3      | Reached skill level 5 in Poison Magic
  3058 | D:4      | Found a staircase to the Ecumenical Temple.
  3062 | Temple   | Entered the Ecumenical Temple
  3218 | Temple   | Learned a level 2 spell: Cure Poison
  3223 | Temple   | Learned a level 4 spell: Olgreb's Toxic Radiance
  3227 | Temple   | Learned a level 3 spell: Mephitic Cloud
  3247 | Temple   | Became a worshipper of Vehumet
  3360 | D:4      | Noticed an ogre
  3370 | D:4      | Killed an ogre
  3370 | D:4      | Reached skill level 1 in Air Magic
  3370 | D:4      | Reached XP level 6. HP: 41/41 MP: 3/14
  3509 | D:4      | Found an ancient bone altar of Kikubaaqudgha.
  3509 | D:4      | Noticed Grinder
  3644 | D:4      | Reached skill level 6 in Poison Magic
  4379 | D:5      | Entered Level 5 of the Dungeon
  4388 | D:5      | Reached XP level 7. HP: 14/46 MP: 8/16
  4562 | D:5      | Noticed a necrophage
  4649 | D:4      | Paralysed by Grinder for 6 turns
  4670 | D:4      | Paralysed by Grinder for 7 turns
  4692 | D:4      | Paralysed by Grinder for 5 turns
  4719 | D:4      | Paralysed by Grinder for 5 turns
  4729 | D:4      | Killed Grinder
  4729 | D:4      | Reached skill level 7 in Poison Magic
  5286 | D:5      | Paralysed by a potion of paralysis for 3 turns
  5329 | D:5      | Killed a necrophage
  5386 | D:5      | Found a basalt altar of Yredelemnul.
  5581 | D:6      | Acquired Vehumet's first power
  5581 | D:6      | Offered knowledge of Magic Dart by Vehumet.
  5754 | D:6      | Noticed Edmund
  5755 | D:6      | Noticed Ijyb
  5819 | D:6      | Killed Edmund
  5819 | D:6      | Reached XP level 8. HP: 26/50 MP: 0/18
  5965 | D:6      | Killed Ijyb
  5969 | D:6      | Reached skill level 8 in Poison Magic
  6462 | D:6      | Noticed Sigmund
  6477 | D:6      | Killed Sigmund
  6970 | D:6      | Reached skill level 5 in Air Magic
  7081 | D:7      | Reached skill level 9 in Poison Magic
  7368 | D:7      | Found a snail-covered altar of Cheibriados.
  7504 | D:7      | Noticed Blork the orc
  7517 | D:7      | Killed Blork the orc
  7523 | D:7      | Found a deep blue altar of Sif Muna.
  7927 | D:7      | Noticed Eustachio
  7966 | D:7      | Killed Eustachio
  7966 | D:7      | Reached XP level 9. HP: 47/55 MP: 0/19
  8320 | D:8      | Offered knowledge of Throw Frost by Vehumet.
  8326 | D:8      | Learned a level 2 spell: Throw Frost
  8430 | D:8      | HP: 2/55 [gnoll/halberd (6)]
  8630 | D:8      | Reached skill level 1 in Ice Magic
  8666 | D:8      | Found a staircase to the Lair.
  8759 | D:8      | Noticed a giant amoeba
  8903 | D:9      | Noticed Psyche
  8917 | D:9      | Killed Psyche
  8917 | D:9      | Reached skill level 10 in Poison Magic
  9964 | D:8      | Gained mutation: Your system is resistant to poisons. [potion of beneficial mutation]
 10129 | D:8      | Got a crystal spear
 10130 | D:8      | Identified the +2,+1 spear "Hulk" {pierce, rElec rPois} (You found it on level 8 of the Dungeon)
 10130 | D:8      | Identified the +2,+1 spear "Hulk" {pierce, rElec rPois} (You found it on level 8 of the Dungeon)
 10135 | D:8      | Found an iron altar of Okawaru.
 10180 | D:8      | Offered knowledge of Dazzling Spray by Vehumet.
 10460 | D:8      | Identified a scroll of acquirement
 10472 | D:8      | Learned a level 3 spell: Dazzling Spray
 10644 | D:8      | Acquired Vehumet's second power
 10942 | D:9      | Reached XP level 10. HP: 47/62 MP: 1/20
 11084 | D:9      | Found a staircase to the Orcish Mines.
 11524 | D:8      | Reached skill level 11 in Poison Magic
 11677 | D:7      | Slain by a giant amoeba

Action                   |  1- 3 |  4- 6 |  7- 9 | 10-12 || total
-------------------------+-------+-------+-------+-------++-------
Melee: Unarmed           |    10 |       |       |       ||    10
       Spear             |    89 |    81 |   487 |    19 ||   676
       Scimitar          |       |       |    20 |       ||    20
 Cast: Sting             |    49 |   131 |   306 |    18 ||   504
       Mephitic Cloud    |       |     1 |    11 |     5 ||    17
       Cure Poison       |       |     2 |    15 |       ||    17
       Olgreb's Toxic Ra |       |     1 |    17 |     3 ||    21
       Dazzling Spray    |       |       |     6 |       ||     6
       Throw Frost       |       |       |     3 |    20 ||    23
 Abil: Bottle Blood      |       |     7 |    38 |     2 ||    47
Evoke: Wand              |       |     1 |     8 |       ||     9
  Use: Potion            |     1 |     3 |    52 |     4 ||    60
       Scroll            |       |    11 |    11 |       ||    22
 Stab: Sleeping          |     3 |     2 |     7 |       ||    12
       Distracted        |       |     1 |     1 |       ||     2
       Confused          |       |       |     1 |       ||     1
